 Dungeon Crawl Stone Soup version 0.24-a0-264-gf46a388 (webtiles) character file.

Game seed: 10860246684183407706

71 FlareUmbra the Chiller (level 4, 0/32 HPs)
             Began as a Merfolk Ice Elementalist on Apr 20, 2019.
             Succumbed to an adder's poison
             ... on level 2 of the Dungeon.
             The game lasted 00:15:16 (1792 turns).

FlareUmbra the Chiller (Merfolk Ice Elementalist)   Turns: 1792, Time: 00:15:17

Health: 0/32       AC:  3    Str:  8    XL:     4   Next: 24%
Magic:  1/7        EV: 12    Int: 15    God:
Gold:   126        SH:  0    Dex: 14    Spells: 4/7 levels left

rFire    + . .     SeeInvis .   d - +0 dagger
rCold    + . .     Gourm    .   (no shield)
rNeg     . . .     Faith    .   e - +0 leather armour
rPois    +         Spirit   .   (no helmet)
rElec    +         Reflect  .   (no cloak)
rCorr    +         Harm     .   (no gloves)
MR       .....                  (no boots)
Stlth    ++........             (no amulet)
HPRegen  0.10/turn              (no ring)
MPRegen  0.10/turn              (no ring)

@: lethally poisoned (0 -> -5), resistant
A: change form in water, swift swim, stealthy swim
a: no special abilities


You were on level 2 of the Dungeon.
You were very hungry.

You visited 1 branch of the dungeon, and saw 2 of its levels.

You collected 126 gold pieces.

Inventory:

Hand Weapons
 d - a +0 dagger (weapon)
Armour
 a - a +0 robe
 e - a +0 leather armour (worn)
 p - a +0 buckler of cold resistance
Scrolls
 b - 4 scrolls of amnesia {unknown}
 g - 4 scrolls of identify {unknown}
 i - 2 scrolls of teleportation {unknown}
 l - a scroll of immolation {unknown}
 m - a scroll of fog {unknown}
 o - a scroll of random uselessness {unknown}
Potions
 f - a potion of cancellation {unknown}
 h - 2 potions of resistance
 j - a potion of might {unknown}
 k - a potion of heal wounds {unknown}
 n - a potion of magic {unknown}
Comestibles
 c - 3 rations
 q - 2 chunks of flesh


   Skills:
 + Level 1.0 Fighting
 + Level 0.4 Short Blades
 + Level 0.1 Armour
 + Level 2.8 Dodging
 * Level 3.6 Stealth
 - Level 0.1 Unarmed Combat
 + Level 2.3 Spellcasting
 + Level 0.7 Conjurations
 + Level 3.9 Ice Magic


You had 4 spell levels left.
You knew the following spells:

 Your Spells              Type           Power        Failure   Level  Hunger
a - Freeze                Ice            ##..         6%          1    #......
b - Throw Frost           Conj/Ice       #.....       19%         2    ###....

Your spell library contained the following spells:

 Spells                   Type           Power        Failure   Level  Hunger
 Ozocubu's Armour         Chrm/Ice       #.......     38%         3    ###....
 Throw Icicle             Conj/Ice       #.......     75%         4    #####..
 Summon Ice Beast         Ice/Summ       #.......     80%         4    #####..


Dungeon Overview and Level Annotations

Branches:
Dungeon (2/15)

Altars:


Message History

Casting: Throw Frost (safe; 19% risk of failure)
Confirm with . or Enter, or press ? or * to list all spells.
Aiming: Throw Frost (safe; 19% risk of failure)
Press: ? - help, Shift-Dir - straight line, f - adder, p - adder
Aim: an adder (heavily wounded)
The puff of frost misses the adder.
The puff of frost hits the adder.
The adder is severely wounded.
* * * LOW HITPOINT WARNING * * *
You feel sick. The adder bites you.
* * * LOW HITPOINT WARNING * * *
* * * LOW HITPOINT WARNING * * *
You feel sick. The adder closely misses you.
It was a potion of resistance.
You feel protected. The adder misses you.
* * * LOW HITPOINT WARNING * * *
You feel sick.
* * * LOW HITPOINT WARNING * * *
You feel sick.
You die...

###.###### #...#..... #######
#(#.#.#### ########.....######
##.###..... .......'.....'S.S.#
#.......... ########.....####S#
##.######## #################.##
#.# #.....
#.....#########...S#########.####
+.....+.).....'.@............>#
.......########....#########..#
.#.#.#.# ####..# #..# .......#
##.# #..### .#.#.#.# #.## #.....
.......# #..# ##.### .#(#.#.#
##.## #.# .......# #..# #.#
.#.#.#.# ##.# #.###


You could see 2 adders.

Vanquished Creatures
  3 adders (D:2)
  An ooze (D:1)
  A dart slug (D:1)
  A leopard gecko (D:1)
  2 giant cockroaches
  3 goblins
  3 hobgoblins
  2 quokkas (D:1)
  6 bats
  2 frilled lizards
  6 kobolds (D:1)
  10 rats (D:1)
40 creatures vanquished.

Notes
Turn   | Place    | Note
-------+----------+-------------------------------------------
     0 | D:1      | FlareUmbra the Merfolk Ice Elementalist began the quest for
                  | the Orb.
     0 | D:1      | Reached XP level 1. HP: 13/13 MP: 3/3
   152 | D:1      | Reached XP level 2. HP: 13/19 MP: 1/5
   713 | D:1      | Learned a level 2 spell: Throw Frost
   724 | D:1      | Reached XP level 3. HP: 20/24 MP: 3/6
  1528 | D:2      | Reached skill level 1 in Fighting
  1629 | D:2      | Reached XP level 4. HP: 27/32 MP: 4/7
  1790 | D:2      | HP: 1/32 [poisoned by an adder]
  1792 | D:2      | Succumbed to an adder's poison

Levels and vault maps discovered:
D:1:      onia_arrival_larder, layout_loops_ring, minmay_misc_feat_diagonals
D:2:      layout_basic, first_ration, serial_glass, glass_columns_c,
          glass_columns_b, minmay_split_cup_small

Skill      XL: |  1  2  3 |
---------------+----------+-----
Stealth        | 3 |  3.6
Fighting       | 1 |  1.0
Short Blades   | |  0.4
Armour         | |  0.1
Dodging        | |  2.8
Unarmed Combat | |  0.1
Spellcasting   | |  2.3
Conjurations   | |  0.7
Ice Magic      | |  3.9

Action                   |  1- 3 |  4- 6 || total
-------------------------+-------+-------++-------
Melee: Unarmed           |    23 |       ||    23
       Dagger            |    47 |    15 ||    62
 Cast: Freeze            |    39 |     6 ||    45
       Throw Frost       |     5 |     6 ||    11
  Use: Potion            |       |     1 ||     1
 Stab: Sleeping          |    10 |       ||    10
  Eat: Chunk             |     3 |       ||     3
Armor: Robe              |     5 |       ||     5
       Leather armour    |    15 |    11 ||    26
Dodge: Dodged            |    71 |    27 ||    98

Table legend:
 A = Non-vault XP
 B = Vault XP
 C = Vault XP percentage of total XP
 D = Non-vault monster count
 E = Vault monster count
 F = Vault count percentage of total count
                 A         B        C        D         E       F
            +---------+---------+-------+---------+---------+-------
      Total |      89 |      13 |  12.7 |      31 |       9 |  22.5
            +---------+---------+-------+---------+---------+-------
        D:1 |      38 |      11 |  22.4 |      22 |       8 |  26.7
        D:2 |      51 |       2 |   3.8 |       9 |       1 |  10.0
            +---------+---------+-------+---------+---------+-------
